 Dungeon Crawl Stone Soup version 0.32-a0-931-g5a2cda0630 (webtiles) character file.

Game seed: 13721646382152278338

77730 NotBatman the Grappler (level 15, -13/183 HPs)
             Began as a Troll Fighter on Apr 13, 2024.
             Was the Champion of Wu Jian.
             Shot with a bolt by a yaktaur (22 damage)
             ... on level 13 of the Dungeon on Apr 14, 2024.
             The game lasted 01:02:51 (20367 turns).

NotBatman the Grappler (Troll Fighter)             Turns: 20367, Time: 01:02:52

Health: -13/183    AC:  9    Str: 37    XL:     15   Next: 16%
Magic:  14/14      EV: 15    Int:  6    God:    Wu Jian [******]
Gold:   1569       SH:  5    Dex: 19    Spells: 14/14 levels left

rFire   . .          .
                       - Unarmed
rCold   . . .        b - melded +0 kite shield
rNeg    . . .        B - melded +1 swamp dragon scales
rPois   +            (helmet currently unavailable)
rElec   .            D - melded +0 cloak
rCorr   .            (gloves unavailable)
SInv    +            (boots unavailable)
Will    +....        s - amulet of reflection
Stlth   +++          w - ring of Iretett {Str+4 Dex+6 Stlth+}
HPRegen 1.30/turn    y - ring of see invisible
MPRegen 0.14/turn

%: reflection
@: snake-form
A: constrict, boosted hp, large, unfitting armour, (claws 3), regeneration 1,
(shaggy fur 1), (tough skin 1)
a: Begin Untransformation, Renounce Religion, Wall Jump, Serpent's Lash,
Heavenly Storm


You were on level 13 of the Dungeon.
You worshipped Wu Jian.
Wu Jian was exalted by your worship.
You were an enormous serpent.
You visited 4 branches of the dungeon, and saw 21 of its levels.
You also visited: Sewer, Ossuary and Bailey.

You collected 2953 gold pieces.
You spent 1384 gold pieces at shops.

Inventory:

Hand Weapons
 u - the +7 sling "Acenwyfao" {drain, rF+ rC+ Dex+2}
   (You found it on level 6 of the Dungeon)

   Dex+2:     It affects your dexterity (+2).
   rF+:       It protects you from fire.
   rC+:       It protects you from cold.
Missiles
 A - 31 poisoned darts (quivered)
Armour
 b - a +0 kite shield (melded)
 o - a +1 robe of fire resistance
 B - +1 swamp dragon scales (melded)
 D - a +0 cloak (melded)
Jewellery
 s - an amulet of reflection (around neck)
 w - the ring of Iretett (left hand) {Str+4 Dex+6 Stlth+}
   (You bought it in a shop on level 2 of the Dungeon)

   [ring of dexterity]

   Str+4:     It affects your strength (+4).
   Dex+6:     It affects your dexterity (+6).
   Stlth+:    It makes you more stealthy.
 y - a ring of see invisible (right hand)
 z - a ring of ice
 C - a +6 ring of strength
 N - a ring of ice
Talismans
 i - a serpent talisman (active)
Wands
 h - a wand of roots (27)
 n - a wand of mindburst (34)
 x - a wand of charming (14)
 R - a wand of acid (3)
Scrolls
 e - 4 scrolls of immolation
 j - 2 scrolls of vulnerability
 k - 6 scrolls of teleportation
 m - 2 scrolls of brand weapon
 q - 2 scrolls of fear
 F - 2 scrolls of enchant weapon
 I - a scroll of enchant armour
 L - a scroll of revelation
 O - a scroll of acquirement
 Q - a scroll of torment
Potions
 a - 11 potions of curing
 c - a potion of might
 d - 4 potions of invisibility
 g - 2 potions of mutation
 l - 4 potions of resistance
 p - 5 potions of enlightenment
 r - 4 potions of cancellation
 t - a potion of magic
 v - a potion of attraction
 H - a potion of lignification
 K - 2 potions of ambrosia
 M - a potion of brilliance
Miscellaneous
 E - a lightning rod (4/4)
 G - a phantom mirror


   Skills:
 + Level 11.0 Fighting
 + Level 11.0 Dodging
 + Level 12.0 Shields
 + Level 12.8 Unarmed Combat
 + Level 10.6 Shapeshifting


You had 14 spell levels left.
You didn't know any spells.
Your spell library contained the following spells:

 Spells                   Type           Power      Damage    Failure   Level
 Necrotise                Necr           0%         1d4       45%         1
 Shock                    Conj/Air       0%         1d3       45%         1
 Dazzling Flash           Conj/Hex       0%         N/A       83%         3
 Passwall                 Erth           0%         N/A       83%         3
 Swiftness                Air            0%         N/A       83%         3
 Tukima's Dance           Hex            0%         N/A       83%         3
 Vampiric Draining        Necr           0%         2d6       83%         3
 Volatile Blastmotes      Fire/Tloc      0%         2d10      83%         3
 Airstrike                Air            0%         2d(0-16)  99%         4
 Dimensional Bullseye     Hex/Tloc       0%         N/A       99%         4
 Fulminant Prism          Conj/Alch      0%         3d5       99%         4
 Iskenderun's Mystic Bla Conj/Tloc 0%             2d3        (+2d1     99%         4
 Martyr's Knell           Necr/Summ      0%         N/A       99%         4
 Vhi's Electric Charge    Tloc/Air       0%         N/A       99%         4
 Curse of Agony           Necr           0%         N/A       100%        5
 Bombard                  Conj/Erth      0%         9d1       100%        6
 Starburst                Conj/Fire      0%         6d3       100%        6
 Maxwell's Capacitive Co  Air            0%         ∞         100%        8


Dungeon Overview and Level Annotations

Branches:
Dungeon (13/15)            Temple (1/1) D:4            Lair (5/5) D:11
 Shoals (0/4) Lair:3       Spider (0/4) Lair:2        Slime (0/5) Lair:5
    Orc (2/2) D:9             Elf (0/3) Orc:2         Sewer (visited)
Ossuary (visited)          Bailey (visited)
 Vaults: D:13-14

Altars:
Ashenzari
Cheibriados
Dithmenos
Elyvilon
Fedhas
Gozag
Hepliaklqana
Kikubaaqudgha
Makhleb
Nemelex Xobeh
Okawaru
Qazlal
Ru
Sif Muna
Trog
Uskayaw
Vehumet
Wu Jian
Xom
Yredelemnul
Zin
The Shining One
Beogh

Shops:
D:2 =   D:11 ?   D:12 (   Orc:1 (?[   Orc:2 ([(?

Annotations:
D:5 2 transporters, jasper's ghost, novice GrSh


Innate Abilities, Weirdness & Mutations

You are an enormous serpent.
You have a powerful constriction melee attack.
Your maximum health is increased.
Your armour is entirely melded.
You are incapable of wielding weapons or throwing items.
You are too large for most types of armour.
((You have claws for hands.))
Your natural rate of healing is unusually fast.
((You are covered in fur. (AC +1)))
((You have tough skin. (AC +1)))


Message History

The tengu conjurer barely misses you. You block the tengu conjurer's attack.
The tengu conjurer misses you.
The yaktaur shoots a bolt.
The bolt hits you! The bolt burns you.
You body-slam the vault guard!!
You kill the vault guard!
The Council accepts your kill.
The tengu conjurer casts a spell.
The tengu conjurer conjures a globe of magical energy!
The yaktaur shoots a bolt.
The bolt hits you!! The bolt burns you!
* * * LOW HITPOINT WARNING * * *
A battlesphere comes into view.
The tengu conjurer attacks as it pursues you!
The tengu conjurer barely misses you.
The tengu conjurer pecks you but does no damage.
The tengu conjurer claws you.
* * * LOW HITPOINT WARNING * * *
The yaktaur shoots a bolt.
The bolt hits you!
* * * LOW HITPOINT WARNING * * *
The bolt burns you.
* * * LOW HITPOINT WARNING * * *
Okay, then.
As you read the scroll of summoning, it crumbles to dust.
Wisps of shadow whirl around you... The tengu conjurer hits you.
* * * LOW HITPOINT WARNING * * *
The tengu conjurer closely misses you. The tengu conjurer barely misses you.
The yaktaur shoots a bolt.
The bolt hits you.
* * * LOW HITPOINT WARNING * * *
The bolt burns you.
* * * LOW HITPOINT WARNING * * *
You spin and attack the battlesphere.
You catch the helpless battlesphere completely off-guard!
You lash the battlesphere!
The battlesphere is almost destroyed.
The tengu conjurer casts a spell at you.
The bolt of lightning hits you!!
* * * LOW HITPOINT WARNING * * *
The battlesphere fires!
The barrage of energy hits your manticore but does no damage.
The yaktaur shoots a bolt.
The bolt hits you!!
You die...

#..###........##..##.....###...<.
....##.........#..##....#........
.............#....##.#..#........
..#..........#....#..#...........
..#....!##...#....#.....#........
........##...#..........##..>....
...................#..####....###
#.....~~~~.....~~~~...# ##..###.
###..~≈≈≈≈~...c~S≈≈~..# #.## ##
#.~≈≈≈≈≈~..cH≈≈≈≈≈~.### ### #.
#.≈≈≈≈≈≈~...~≈≈Q*≈≈....# #.
####co###'''###)T###.... ## ..#
#... #...# ...# # ..# #... #...#
## .# #. #...# #. ##'## ...


You could see a yaktaur (ally target), a tengu conjurer (ally target), a
battlesphere (distracted, ally target), a friendly centaur warrior (summoned), a
friendly manticore (summoned) and a friendly troll (summoned).

Vanquished Creatures
  Rupert (D:13)
  Nessos (Lair:4)
  Josephine (D:11)
  2 catoblepae
  4 hydras
  Fannar (Orc:1)
  2 ogre magi (Orc:2)
  A vault guard (D:13)
  Erolcha (D:9)
  An anaconda (Lair:3)
  3 boulder beetles
  4 death yaks (Lair:5)
  A deep troll shaman (Lair:5)
  10 two-headed ogres
  3 tengu warriors (D:13)
  An orc high priest (Orc:1)
  Nergalle (D:11)
  2 skysharks
  A deep elf archer (D:13)
  2 deep trolls (Orc:2)
  Pikel (D:4)
  A deep elf pyromancer (Bailey)
  A lindwurm (Lair:5)
  2 wolf spiders (Lair:4)
  An orc knight (Bailey)
  2 orc sorcerers
  2 oklob plants (D:11)
  An ugly thing (D:11)
  4 cyclopes
  A meliai (Lair:2)
  Maurice (D:9)
  2 kobold blastminers (Orc:2)
  2 torpor snails
  4 black mambas
  12 cane toads
  14 elephants
  2 gargoyles
  Maggie (D:7)
  2 unseen horrors (D:11)
  2 yaktaurs (D:13)
  3 kobold demonologists
  Psyche (D:9)
  5 komodo dragons
  12 trolls
  4 polar bears
  30 blink frogs
  A hornet (D:7)
  Grinder (D:5)
  A raiju (shapeshifter) (D:13)
  7 dream sheep (Lair:5)
  9 wraiths
  5 slime creatures (D:13)
  2 shadows
  4 wyverns
  28 yaks
  A basilisk (Lair:3)
  A steam dragon (D:9)
  5 vampire mosquitoes
  2 wargs (Orc:1)
  18 water moccasins
  Duvessa (D:4)
  4 black bears
  2 laughing skulls (D:11)
  20 orc warriors
  A sky beast (D:8)
  20 ogres
  8 wolves
  9 centaurs
  A lemure (D:4)
  2 phantoms
  8 kobold brigands
  11 bullfrogs
  2 gnoll sergeants
  3 scorpions
  5 wights (D:8)
  3 killer bees (Lair:2)
  Dowan (D:4)
  6 howler monkeys (D:10)
  2 electric eels
  2 hounds
  A jelly (D:7)
  11 orc priests
  A sleepcap (D:5)
  2 gnoll boudas
  5 scorpion zombies (Ossuary)
  16 orc wizards
  Natasha (twice) (D:4)
  4 iguanas
  3 mummies (Ossuary)
  4 adders
  19 gnolls
  A river rat (Sewer)
  4 shadow imps
  A white imp (D:8)
  2 ufetubi (D:5)
  2 adder zombies (Ossuary)
  2 ribbon worms
  2 dart slugs (D:3)
  87 orcs
  6 ball pythons
  9 endoplasms
  3 giant cockroaches
  13 goblins
  7 hobgoblins
  11 jackals
  7 quokkas
  6 bats
  5 frilled lizards
  4 gnoll zombies (Ossuary)
  4 jackal zombies (Ossuary)
  32 kobolds
  2 kobold zombies (Ossuary)
  14 rats
644 creatures vanquished.

Vanquished Creatures (others)
  A blink frog (Lair:4)
  A bombardier beetle (D:6)
  An orc priest (Orc:1)
3 creatures vanquished.

Grand Total: 647 creatures vanquished

Notes
Turn   | Place    | Note
-------+----------+-------------------------------------------
     0 | D:1      | NotBatman the Troll Fighter began the quest for the Orb.
     0 | D:1      | Reached XP level 1. HP: 22/22 MP: 0/0
   201 | D:1      | Reached XP level 2. HP: 29/29 MP: 1/1
   780 | D:2      | Reached XP level 3. HP: 33/36 MP: 2/2
  1071 | D:2      | Found Ethroic's Jewellery Emporium.
  1462 | D:3      | Reached XP level 4. HP: 44/44 MP: 3/3
  1463 | D:3      | Found a sacrificial altar of Ru.
  2219 | D:4      | Noticed Pikel
  2219 | D:4      | Noticed a lemure
  2220 | D:4      | Noticed a lemure
  2220 | D:4      | Noticed a lemure
  2224 | D:4      | Noticed a lemure
  2232 | D:4      | Killed a lemure
  2238 | D:4      | Killed Pikel
  2239 | D:4      | Reached XP level 5. HP: 48/54 MP: 4/4
  2239 | D:4      | Reached XP level 6. HP: 55/62 MP: 5/5
  2239 | D:4      | Reached XP level 7. HP: 62/70 MP: 6/6
  2510 | D:4      | Noticed Dowan
  2511 | D:4      | Noticed Duvessa
  2526 | D:4      | Killed Duvessa
  2536 | D:4      | Killed Dowan
  2606 | D:4      | Noticed Natasha
  2610 | D:4      | Found a staircase to the Ecumenical Temple.
  2612 | D:4      | Killed Natasha
  2635 | Temple   | Entered the Ecumenical Temple
  2670 | Temple   | Became a worshipper of the Wu Jian Council
  2915 | D:4      | Noticed Natasha
  2923 | D:4      | Killed Natasha
  2990 | D:5      | Entered Level 5 of the Dungeon
  2991 | D:5      | Noticed Grinder
  3010 | D:5      | Killed Grinder
  3011 | D:5      | Reached skill level 5 in Shields
  3011 | D:5      | Reached skill level 5 in Unarmed Combat
  3011 | D:5      | Reached XP level 8. HP: 79/79 MP: 7/7
  3068 | D:5      | Found a sand-covered staircase.
  3076 | Ossuary  | Entered an ossuary
  3192 | Ossuary  | Reached * piety under Wu Jian
  3217 | Ossuary  | Reached skill level 5 in Fighting
  3217 | Ossuary  | Reached skill level 5 in Dodging
  3531 | D:5      | Found a glowing drain.
  3539 | Sewer    | Entered a sewer
  3609 | Sewer    | Reached ** piety under Wu Jian
  3635 | Sewer    | Found a glowing silver altar of Zin.
  3816 | D:5      | Reached skill level 1 in Shapeshifting
  4031 | D:5      | Found a snail-covered altar of Cheibriados.
  4053 | D:5      | Found a transporter.
  4053 | D:5      | Noticed jasper's ghost (novice GrSh)
  4056 | D:5      | Found a transporter.
  4352 | D:6      | Identified the +7 sling "Acenwyfao" {drain, rF+ rC+ Dex+2}
  4379 | D:6      | Reached XP level 9. HP: 65/88 MP: 8/8
  5367 | D:7      | Noticed Maggie
  5383 | D:7      | Killed Maggie
  5658 | D:8      | Reached *** piety under Wu Jian
  5674 | D:8      | Identified a scroll of acquirement
  5674 | D:8      | Acquired 1109 gold pieces
  5817 | D:2      | Bought the ring of Iretett {Str+4 Dex+6 Stlth+} for 596
                  | gold pieces
  6069 | D:8      | Reached XP level 10. HP: 92/98 MP: 9/9
  6224 | D:8      | Found an ancient bone altar of Kikubaaqudgha.
  6224 | D:8      | Found a burning altar of Makhleb.
  6478 | D:9      | Found a flagged portal.
  6478 | D:9      | Noticed Erolcha
  6588 | D:9      | Found a roughly hewn altar of Beogh.
  6652 | D:9      | Killed Erolcha
  6687 | Bailey   | Entered a bailey
  6706 | Bailey   | Reached **** piety under Wu Jian
  6744 | Bailey   | Found a large runed translucent door.
  6744 | Bailey   | Found a large runed translucent door.
  6744 | Bailey   | Noticed an orc knight
  6803 | Bailey   | Noticed a deep elf pyromancer
  6804 | Bailey   | Found the +7 sceptre of Torment {pain, torment}
  6841 | Bailey   | Killed an orc knight
  6878 | Bailey   | Killed a deep elf pyromancer
  7047 | D:9      | Found a staircase to the Orcish Mines.
  7053 | D:9      | Noticed a two-headed ogre
  7318 | D:10     | Entered Level 10 of the Dungeon
  7403 | D:9      | Killed a two-headed ogre
  7404 | D:9      | Reached skill level 5 in Shapeshifting
  7697 | D:9      | Found a stormy altar of Qazlal.
  7718 | D:9      | Noticed Maurice
  7725 | D:9      | Killed Maurice
  7726 | D:9      | Reached XP level 11. HP: 99/109 MP: 10/10
  7780 | D:9      | Noticed Psyche
  7789 | D:9      | Killed Psyche
  7807 | D:9      | Noticed a sun demon
  7911 | D:9      | Found a glowing golden altar of the Shining One.
  8455 | D:10     | Reached ***** piety under Wu Jian
  9461 | D:11     | Noticed an oklob plant
  9486 | D:11     | Noticed a red ugly thing
  9491 | D:11     | Killed a red ugly thing
  9608 | D:11     | Found a staircase to the Lair.
  9608 | D:11     | Noticed an oklob plant
  9623 | D:11     | Killed an oklob plant
  9627 | D:11     | Killed an oklob plant
  9663 | D:11     | Identified the +0 dagger of Fate {protect, rPois Int+4}
  9674 | D:11     | Found Bipelow's Magic Scroll Shoppe.
  9686 | D:11     | Bought a scroll of identify for 32 gold pieces
  9686 | D:11     | Bought a scroll of teleportation for 48 gold pieces
  9741 | D:11     | Noticed Nergalle
  9769 | D:11     | Killed Nergalle
  9902 | D:11     | Noticed a boulder beetle
  9913 | D:11     | Killed a boulder beetle
  9934 | D:11     | Noticed a boulder beetle
  9951 | D:11     | Killed a boulder beetle
  9952 | D:11     | Reached XP level 12. HP: 119/119 MP: 11/11
 10112 | D:11     | Noticed Josephine
 10146 | D:11     | Killed Josephine
 10512 | Lair:1   | Entered Level 1 of the Lair of Beasts
 11543 | Lair:2   | Reached skill level 10 in Unarmed Combat
 11550 | Lair:2   | Found a hole to the Spider Nest.
 11782 | Lair:2   | Noticed a four-headed hydra
 11792 | Lair:2   | Killed a four-headed hydra
 12555 | Lair:3   | Found a staircase to the Shoals.
 12568 | Lair:3   | Reached XP level 13. HP: 130/131 MP: 12/12
 12780 | Lair:3   | Reached skill level 10 in Shields
 14112 | Lair:4   | Noticed Nessos
 14119 | Lair:4   | Killed Nessos
 14379 | Lair:4   | Reached ****** piety under Wu Jian
 15027 | Lair:5   | Entered Level 5 of the Lair of Beasts
 15161 | Lair:5   | Found a staircase to the Slime Pits.
 15445 | Lair:5   | Found an iron altar of Okawaru.
 15546 | Lair:5   | Reached skill level 10 in Fighting
 15546 | Lair:5   | Reached skill level 10 in Dodging
 16506 | Lair:5   | Reached XP level 14. HP: 143/143 MP: 13/13
 17257 | Lair:5   | Identified the +0 shortbow "Troll's Regret" {freeze, rC+
                  | Dex+4 Stlth-}
 17345 | Lair:5   | Identified the +0 robe of Whack-A-Mole {Harm rC+ rN+ Str+2}
 17757 | Orc:1    | Entered Level 1 of the Orcish Mines
 17758 | Orc:1    | Noticed Fannar
 17763 | Orc:1    | Killed Fannar
 17820 | Orc:1    | Found Wamnecia's Weapon Shoppe.
 17951 | Orc:1    | Found Vubery's Magic Scroll Emporium.
 17964 | Orc:1    | Bought a scroll of identify for 28 gold pieces
 17965 | Orc:1    | Bought a scroll of identify for 28 gold pieces
 17965 | Orc:1    | Bought a scroll of identify for 28 gold pieces
 18199 | Orc:1    | Found Sufaor's Antique Armour Boutique.
 18212 | Orc:2    | Entered Level 2 of the Orcish Mines
 18275 | Orc:2    | Found a staircase to the Elven Halls.
 18497 | Orc:2    | Reached skill level 10 in Shapeshifting
 18789 | Orc:2    | Found Kucsuaph's Magic Scroll Shoppe.
 18793 | Orc:2    | Found Ginelakk's Antique Weapon Emporium.
 18806 | Orc:2    | Found Fopt's Antique Armour Shop.
 18903 | Orc:2    | Found Maiduo's Antique Weapon Shoppe.
 19120 | Orc:2    | Bought a scroll of acquirement for 624 gold pieces
 19498 | D:12     | Found Huof's Antique Weapon Emporium.
 19701 | D:13     | Reached XP level 15. HP: 152/152 MP: 14/14
 19760 | D:13     | Identified the maw talisman of Egalitarianism {Str-4 Int+5}
 19979 | D:13     | Noticed Rupert
 19987 | D:13     | Killed Rupert
 20367 | D:13     | HP: 9/183 [tengu conjurer/bolt of lightning (19)]
 20367 | D:13     | Shot with a bolt by a yaktaur

Illustrated notes

Levels and vault maps discovered:
D:1:      mrwooster_arrival_statue_3, layout_loops_ring,
          wad_floor_pattern_untrapped
D:2:      layout_rooms, serial_shops, nicolae_shop_pleasant_corner_grove,
          chequers_serial_rivers_marsh
D:3:      layout_basic, hangedman_ru_absence, dreamdust_princess_bridge
D:4:      layout_loops_ring, temple_pool_b, uniq_pikel, uniq_duvessa,
          uniq_natasha
D:5:      layout_rooms, mainiacjoe_overflow_cross_hatched,
          gammafunk_ghost_mausoleum, gup_sewer_entry_bubbles,
          chequers_ossuary_entry_cave, minivault_23, uniq_grinder
D:6:      layout_rooms
D:7:      layout_loops_ring, minmay_misc_feat_cross, minmay_bent, uniq_maggie
D:8:      layout_cave_pools, amethyst_overflow_temple_binary,
          serial_column_ruins, column_ruins_hut_pillars, column_ruins_grid_3,
          column_ruins_columns_corner, column_ruins_columns_straight,
          column_ruins_grid_1, bh_walls_and_bars
D:9:      layout_roguey [special_room_orc], mainiacjoe_overflow_catwalk,
          nicolae_tso_swordbearing_angel, orc_0_dummy, special_room
          [special_room_orc], enter_bailey_5, uniq_maurice, uniq_psyche,
          uniq_erolcha
D:10:     layout_grid_maze, grunt_ministairs_3
D:11:     layout_irregular_city, dpeg_oklobed_lair, serial_shops,
          nicolae_shop_just_a_little_nook, uniq_nergalle, uniq_josephine
D:12:     layout_roguey, serial_shops, shop
D:13:     layout_cave_pools, grunt_vaults_entry_fortified, uniq_rupert
Temple:   nicolae_temple_elliptical
Lair:1:   layout_concentric_octagons, chequers_serial_rivers_marsh
Lair:2:   layout_hall_layers, hellmonk_spider_entry_not_the_bees,
          serial_bayou_shore_a, grunt_megastairs_1
Lair:3:   layout_regular_city, minmay_shoals_entry_centaurs,
          hellmonk_talismancer, serial_bayou_shore_b
Lair:4:   layout_cave_pods, serial_bayou_lagoon_a,
          nicolae_lair_run_with_the_wolves, uniq_nessos
Lair:5:   grunt_lair_end_beastmaster, layout_cave_pods, slime_entry_1,
          lemuel_centaur_altar, infiniplex_staircase_pool
Orc:1:    layout_caves, serial_shops, nicolae_shop_behind_doors,
          nicolae_shop_tiny_statue_garden, nicolae_shop_real_fake_doors,
          uniq_fannar
Orc:2:    st_orc_open, layout_diamond_mine, blackcustard_rock_pile

Skill      XL: |  1  2  3  4  5  6  7  8  9 10 11 12 13 14 15 |
---------------+----------------------------------------------+-----
Shields        | 3 4 5 6 7 8 9 10 11 12 | 12.0
Fighting       | 4 5 6 7 8 9 10 11 | 11.0
Dodging        | 4 5 6 7 8 9 10 11 | 11.0
Unarmed Combat | 4 5 6 7 8 9 10 11 12 | 12.8
Shapeshifting  | 1 3 5 6 8 9 10 | 10.6

Action                     |  1- 3 |  4- 6 |  7- 9 | 10-12 | 13-15 || total
---------------------------+-------+-------+-------+-------+-------++-------
  Melee: Unarmed           |   135 |    68 |   406 |   757 |   783 ||  2149
         Constrict         |       |       |       |       |    95 ||    95
  Throw: Dart              |       |       |       |     3 |     1 ||     4
 Invoke: Serpent's Lash    |       |       |       |     4 |     2 ||     6
         Heavenly Storm    |       |       |       |       |     1 ||     1
Ability: Lunge             |       |       |    48 |    78 |    88 ||   214
         Whirlwind         |       |       |     5 |    69 |    91 ||   165
         Wall Jump         |       |       |       |       |     1 ||     1
  Evoke: Lightning rod     |       |       |       |       |     4 ||     4
    Use: Scroll            |     5 |       |    10 |    10 |    10 ||    35
         Potion            |       |     1 |     4 |     7 |     6 ||    18
   Stab: Distracted        |       |       |     1 |     1 |     4 ||     6
         Sleeping          |       |       |       |     3 |     7 ||    10
         Confused          |       |       |       |     1 |       ||     1
 Armour: Robe              |    76 |    20 |   172 |    25 |       ||   293
         Swamp dragon scal |       |       |       |   219 |   152 ||   371
         Skin              |       |       |       |    18 |   308 ||   326
  Dodge: Dodged            |    50 |    27 |   102 |   198 |   344 ||   721
  Block: Kite shield       |    54 |    27 |   234 |   538 |   309 ||  1162
         Reflection        |       |       |    12 |    12 |    24 ||    48
         Other             |       |       |       |       |    66 ||    66
   Form: Serpent           |       |       |       |       |     2 ||     2
                           |       |       |       |       |     1 ||     1

Table legend: (Time is in decaauts)
 A = Elapsed time spent in this place.
 B = Non-inter-level travel time spent in this place.
 C = Inter-level travel time spent in this place.
 D = Time resting spent in this place.
 E = Time spent auto-exploring this place.
 F = Levels seen in this place.
 G = Mean time per level.
                   A        B        C        D        E       F      G
               +--------+--------+--------+--------+--------+-----+--------+
         Total |  20286 |  18740 |   1546 |   3417 |  10359 |  24 |  845.2 |
       Dungeon |  10920 |   9873 |   1047 |   1290 |   5997 |  13 |  840.0 |
        Temple |     51 |      2 |     49 |      0 |      0 |   1 |   51.0 |
          Lair |   7118 |   6756 |    362 |   1757 |   3571 |   5 | 1423.6 |
  Orcish Mines |   1388 |   1300 |     88 |    205 |    605 |   2 |  694.0 |
         Sewer |    198 |    198 |      0 |      4 |     87 |   1 |  198.0 |
       Ossuary |    337 |    337 |      0 |    132 |     33 |   1 |  337.0 |
        Bailey |    271 |    271 |      0 |     27 |     66 |   1 |  271.0 |
               +--------+--------+--------+--------+--------+-----+--------+

Top non-repeatable levels by time:
  Lair:5: 2420 daAuts
  Lair:4: 1487 daAuts
  Lair:3: 1248 daAuts
     D:9: 1224 daAuts
    D:10: 1207 daAuts
    D:11: 1201 daAuts
  Lair:2: 1114 daAuts
     D:3: 1010 daAuts
     D:7: 933 daAuts
  Lair:1: 846 daAuts
   Orc:2: 836 daAuts
     D:4: 812 daAuts
     D:8: 798 daAuts
     D:5: 774 daAuts
     D:1: 746 daAuts
